 Dungeon Crawl Stone Soup version 0.19-a0-1697-g0595f0e (webtiles) character file.

79 Ijustatesigmund the Cutter (level 4, -7/46 HPs)
             Began as a Halfling Skald on Sept 26, 2016.
             Killed from afar by a white imp (9 damage)
             ... with a puff of frost
             ... summoned by removeelyvilon's ghost
             ... on level 3 of the Dungeon.
             The game lasted 00:03:58 (1360 turns).

Ijustatesigmund the Cutter (Halfling Skald)         Turns: 1360, Time: 00:03:58

Health: -7/46      AC: 23    Str: 13    XL:     4   Next: 62%
Magic:  6/6        EV:  3    Int: 11    God:
Gold:   65         SH:  0    Dex: 13    Spells: 2 memorised, 3 levels left

rFire  . . .     SeeInvis .     i - +1 dagger (venom)
rCold  . . .     Gourm    .     (armour currently unavailable)
rNeg   + + +     Faith    .     (shield restricted)
rPois  +         Spirit   .     (helmet currently unavailable)
rElec  .         Dismiss  .     (cloak currently unavailable)
rCorr  .         Reflect  .     (gloves currently unavailable)
MR     .....     Harm     .     (boots currently unavailable)
Stlth  +......... NoTele   +    (no amulet)
                                (no ring)
                                (no ring)

@: tree-form, infused
A: mutation resistance 1
a: no special abilities


You were on level 3 of the Dungeon.
You were not hungry.
You were a tree.
You visited 1 branch of the dungeon, and saw 3 of its levels.

You collected 65 gold pieces.

Inventory:

Hand Weapons
 a - a +0 short sword
 i - a +1 dagger of venom (weapon)
Armour
 b - a +0 leather armour (melded)
Wands
 e - a wand of digging (14/24)
Scrolls
 f - a scroll of remove curse
Books
 c - a book of Battle

   Spells                             Type                      Level
   a - Infusion                       Charms                       1
   b - Shroud of Golubria             Charms/Translocation         2
   c - Song of Slaying                Charms                       2
   d - Spectral Weapon                Hexes/Charms                 3
   e - Regeneration                   Charms/Necromancy            3
Comestibles
 d - 2 bread rations


   Skills:
 + Level 3.0 Fighting
 + Level 4.2 Short Blades
 - Level 1.1 Armour
 - Level 1.1 Dodging
 - Level 1.5 Spellcasting
 - Level 3.2 Charms


You had 3 spell levels left.
You knew the following spells:

 Your Spells              Type           Power        Failure   Level  Hunger
a - Infusion              Chrm           #...         10%         1    ##.....
b - Song of Slaying       Chrm           #.......     14%         2    ###....


Dungeon Overview and Level Annotations

Branches:
Dungeon (3/15)

Altars:
Xom

Annotations:
D:3 removeelyvilon's ghost, amateur DsSu


Innate Abilities, Weirdness & Mutations

You are small and have problems with some larger weapons.
You are somewhat resistant to further mutation.


Message History

The crimson imp laughs crazily.
The crimson imp blinks!
Removeelyvilon's ghost casts a spell.
Removeelyvilon's ghost moves out of view.
The white imp gestures at you. The puff of frost hits you!
* * * LOW HITPOINT WARNING * * *
It was a potion of lignification.
You turn into a tree.
Your +0 leather armour melds into your body.
Your roots penetrate the ground.
You hit the white imp.
The white imp is lightly wounded.
The white imp gestures at you.
Helpless, you fail to dodge the puff of frost.
* * * LOW HITPOINT WARNING * * *
You hit the white imp.
The white imp is moderately wounded.
The white imp gestures at you. The puff of frost hits you!
You die...

#.....##.#>.........#
#.....##.#.#.#.#.#+##
#.....##.#.#...#.#.#
.....##.#.#####.#.#
.r5##.......†.#'#####
#######.####.######.......
......rr.....#### #.......
.....#b####....###.......
..? #W5♣.'..........#### .
######..........#
#..........# #..........#
#..........# #..........#
............#
............#


You could see removeelyvilon's ghost, a white imp, a quokka and a bat.

Vanquished Creatures
  Ijyb (D:2)
  2 adders
  An ooze (D:1)
  A worm (D:2)
  2 giant cockroaches
  5 goblins
  3 hobgoblins
  4 jackals
  A quokka (D:2)
  2 bats
  A frilled lizard (D:1)
  2 kobolds (D:1)
  2 rats (D:1)
27 creatures vanquished.

Notes
Turn   | Place    | Note
-------+----------+-------------------------------------------
     0 | D:1      | Ijustatesigmund the Halfling Skald began the quest for the Orb.
     0 | D:1      | Reached XP level 1. HP: 14/14 MP: 3/3
   235 | D:1      | Reached XP level 2. HP: 19/19 MP: 4/4
   239 | D:1      | Learned a level 2 spell: Song of Slaying
   246 | D:1      | Found a shimmering altar of Xom.
   282 | D:1      | Reached skill level 3 in Short Blades
   806 | D:1      | Reached XP level 3. HP: 21/25 MP: 5/5
  1033 | D:2      | Noticed Ijyb
  1049 | D:2      | Killed Ijyb
  1049 | D:2      | Reached XP level 4. HP: 30/30 MP: 1/6
  1063 | D:2      | Reached skill level 4 in Short Blades
  1350 | D:3      | Noticed removeelyvilon's ghost (amateur DsSu)
  1359 | D:3      | HP: 2/46 [white imp/puff of frost[removeelyvilon's ghost] (7)]
  1360 | D:3      | Killed from afar by a white imp

Vault maps used:
D:1:      dpeg_arrival_pits, serial_bayou_lagoon_a, xom_teletrap_fun
D:2:      kiku_gazebo_pond_becter, uniq_iyjb, uniq_crazy_yiuf_cottage,
          uniq_natasha
D:3:      ashenzari_altar_1, lemuel_round_altar, grunt_decor_one_mirror,
          cheibriados_altar_1

Skill      XL: |  1  2  3  4 |
---------------+-------------+-----
Fighting       | 2 3 |  3.0
Short Blades   | 3 4 |  4.2
Armour         | |  1.1
Dodging        | |  1.1
Spellcasting   | |  1.5
Charms         | |  3.2

Action                   |  1- 3 |  4- 6 || total
-------------------------+-------+-------++-------
Melee: Short sword       |    19 |       ||    19
       Dagger            |    51 |    25 ||    76
 Cast: Infusion          |     3 |     1 ||     4
       Song of Slaying   |     1 |       ||     1
  Use: Scroll            |     3 |       ||     3
       Potion            |       |     2 ||     2
 Stab: Distracted        |     1 |       ||     1
  Eat: Chunk             |       |     2 ||     2
Armor: Leather armour    |    11 |     5 ||    16
Dodge: Dodged            |    35 |     7 ||    42
